 Dungeon Crawl Stone Soup version 0.20-a0-1089-g3fde505 (webtiles) character file.

1160 Alarkh the Cleaver (level 8, -3/58 HPs)
             Began as a Demonspawn Monk on May 2, 2017.
             Was a Follower of Okawaru.
             Blown up by Pikel (9 damage)
             ... with a wand of disintegration (?/24)
             ... on level 7 of the Dungeon.
             The game lasted 00:07:15 (7015 turns).

Alarkh the Cleaver (Demonspawn Monk)                Turns: 7015, Time: 00:07:15

Health: -3/58      AC:  6    Str: 12    XL:     8   Next: 16%
Magic:  7/8        EV: 13    Int: 13    God:    Okawaru [*.....]
Gold:   293        SH:  3    Dex: 16    Spells: 7/7 levels left

rFire    . . .     SeeInvis .   a - +0 war axe
rCold    . . .     Gourm    .   (no shield)
rNeg     . . .     Faith    .   G - +0 leather armour {MR+}
rPois    +         Spirit   .   y - +0 helmet
rElec    .         Reflect  +   (no cloak)
rCorr    .         Harm     .   (no gloves)
MR       +....                  (no boots)
Stlth    ++........             F - +3 amulet of reflection
Regen    0.2/turn               q - ring of poison resistance
MPRegen  0.2/turn               z - ring of wizardry

@: lethally poisoned (-3 -> -6)
A: talons 1, molten scales 1, demonic guardian 1, powered by death 1
a: Heroism, Renounce Religion


You were on level 7 of the Dungeon.
You worshipped Okawaru.
Okawaru was aware of your devotion.
You were full.

You visited 2 branches of the dungeon, and saw 8 of its levels.

You collected 293 gold pieces.

Inventory:

Hand Weapons
 a - a +0 war axe (weapon)
 t - a +0 hand axe
Armour
 b - a +0 robe
 y - a +0 helmet (worn)
 G - a +0 leather armour of magic resistance (worn)
Jewellery
 q - a ring of poison resistance (left hand)
 x - a +5 ring of intelligence
 z - a ring of wizardry (right hand)
 A - an uncursed amulet of the gourmand
 F - a +3 amulet of reflection (around neck)
Scrolls
 e - 2 scrolls of identify
 f - a scroll of enchant armour
 g - a scroll of enchant weapon
 i - a scroll of amnesia
 j - a scroll of random uselessness
 k - 4 scrolls of teleportation
 m - 2 scrolls of recharging
 n - a scroll of fog {unknown}
 o - a scroll of noise {unknown}
 p - 2 scrolls of magic mapping {unknown}
 s - 7 scrolls of remove curse
 v - 2 scrolls of immolation {unknown}
 L - a scroll of fear {unknown}
Potions
 h - 2 potions of might
 l - 2 potions of curing
 w - a potion of cancellation
 C - a potion of ambrosia {unknown}
 D - a potion of agility {unknown}
 H - a potion of haste {unknown}
 I - a potion of heal wounds
 K - a potion of lignification {unknown}
Books
 B - a book of Conjurations

   Spells                             Type                      Level
   a - Magic Dart                     Conjuration                  1
   b - Searing Ray                    Conjuration                  2
   c - Dazzling Spray                 Conjuration/Hexes            3
   d - Fulminant Prism                Conjuration/Hexes            4
   e - Force Lance                    Conjuration/Translocation    4
   f - Iskenderun's Mystic Blast      Conjuration                  4
 E - a book of Frost

   Spells                             Type                      Level
   a - Freeze                         Ice                          1
   b - Throw Frost                    Conjuration/Ice              2
   c - Ozocubu's Armour               Charms/Ice                   3
   d - Throw Icicle                   Conjuration/Ice              4
   e - Summon Ice Beast               Ice/Summoning                4
Comestibles
 c - 7 bread rations
 d - 4 royal jellies
 r - a meat ration
 u - a fruit


   Skills:
 - Level 3.0 Fighting
 + Level 9.3 Axes
 - Level 2.6 Dodging
 - Level 1.7 Stealth


You had 7 spell levels left.
You didn't know any spells.

Dungeon Overview and Level Annotations

Branches:
Dungeon (7/15)             Temple (1/1) D:6

Altars:
Ashenzari
Cheibriados
Dithmenos
Elyvilon
Fedhas
Gozag
Hepliaklqana
Kikubaaqudgha
Makhleb
Nemelex Xobeh
Okawaru
Qazlal
Ru
Sif Muna
Trog
Vehumet
Wu Jian
Xom
Yredelemnul
The Shining One

Shops:
D:5 *   D:6 :

Annotations:
D:7 Pikel


Innate Abilities, Weirdness & Mutations

You have sharp toenails.
You are partially covered in molten scales. (AC +2)
A weak demonic guardian rushes to your aid.
You regenerate a little health from kills.


Message History

You barely miss the slave. You hit the slave. You hit Pikel but do no damage.
You hit the slave.
You feel like a meek peon again.
You feel sick. The worker ant bites you.
* * * LOW HITPOINT WARNING * * *
Pikel zaps a wand.
The slave hits you.
* * * LOW HITPOINT WARNING * * *
The slave misses you.
You hit the worker ant.
You kill the worker ant!
Okawaru accepts your kill.
You hit the slave. You closely miss the slave. You closely miss Pikel.
You hit the slave but do no damage.
You feel sick. The slave hits you.
* * * LOW HITPOINT WARNING * * *
Pikel zaps a wand.
The slave misses you. x2
You barely miss the slave. Your kick misses the slave.
The slave is almost dead.
You hit the slave but do no damage. You closely miss Pikel. You hit the slave.
The slave completely misses you.
Pikel zaps a wand.
You are blasted!
You die...

##.......##
#.........#
#.........#
.#.........#
#...........#
##..........#
#.%.......##
#.....>..###.###
#......p@K.....#
#......†pp.....#
##.............#
....>.........#
.......####.###
....... .#
....... #
##.)..#


You could see Pikel and 3 slaves.

Vanquished Creatures
  A slave (D:7)
  3 ogres
  A bullfrog (D:6)
  A scorpion (D:6)
  2 hounds (D:4)
  A centaur zombie (D:6)
  5 orc wizards
  4 orc priests (D:5)
  2 worker ants
  A worker ant zombie (D:5)
  8 gnolls
  6 adders
  2 oozes
  An adder zombie (D:5)
  An adder skeleton (D:4)
  A worm (D:2)
  4 leopard geckos
  22 orcs
  3 ball pythons
  10 bats
  5 giant cockroaches
  8 goblins
  7 hobgoblins
  3 jackals (D:3)
  3 frilled lizards
  7 kobolds
  4 rats (D:2)
116 creatures vanquished.

Vanquished Creatures (collateral kills)
  A centaur (D:6)
  A bullfrog (D:6)
  An orc priest (D:5)
  An orc wizard (D:5)
  2 orcs (D:5)
6 creatures vanquished.

Grand Total: 122 creatures vanquished

Notes
Turn   | Place    | Note
-------+----------+-------------------------------------------
     0 | D:1      | Alarkh the Demonspawn Monk began the quest for the Orb.
     0 | D:1      | Reached XP level 1. HP: 18/18 MP: 1/1
    70 | D:1      | Reached skill level 3 in Axes
   209 | D:1      | Gained mutation: You regenerate a little health from kills. [demonic ancestry]
   209 | D:1      | Reached XP level 2. HP: 22/24 MP: 2/2
  1060 | D:1      | Reached XP level 3. HP: 23/29 MP: 3/3
  1103 | D:2      | Reached skill level 4 in Axes
  1196 | D:2      | Found an opulent altar of Gozag.
  1368 | D:2      | Found a shimmering altar of Xom.
  1368 | D:2      | Found a shattered altar of Ashenzari.
  1989 | D:2      | Reached XP level 4. HP: 23/35 MP: 4/4
  2458 | D:3      | HP: 1/35 [orc wizard/dagger (3)]
  2460 | D:3      | Reached skill level 5 in Axes
  2460 | D:3      | Gained mutation: You are partially covered in molten scales. (AC +2) [demonic ancestry]
  2460 | D:3      | Reached XP level 5. HP: 1/41 MP: 5/5
  2845 | D:3      | Found a snail-covered altar of Cheibriados.
  3615 | D:4      | Reached skill level 6 in Axes
  3964 | D:4      | Noticed an ogre
  4209 | D:4      | Gained mutation: You have sharp toenails. [demonic ancestry]
  4209 | D:4      | Reached XP level 6. HP: 22/47 MP: 6/6
  4767 | D:4      | Reached skill level 7 in Axes
  4860 | D:5      | Entered Level 5 of the Dungeon
  4895 | D:5      | Gained mutation: A weak demonic guardian rushes to your aid. [demonic ancestry]
  4895 | D:5      | Reached XP level 7. HP: 9/52 MP: 7/7
  5176 | D:5      | Found Dewkif's Elemental Accessories.
  5574 | D:5      | Found a glowing golden altar of the Shining One.
  5698 | D:5      | Reached skill level 8 in Axes
  6127 | D:6      | Found a staircase to the Ecumenical Temple.
  6141 | Temple   | Entered the Ecumenical Temple
  6415 | D:6      | Found a sacrificial altar of Ru.
  6415 | D:6      | Found a sparkling altar of Nemelex Xobeh.
  6422 | D:6      | Found a hazy altar of Hepliaklqana.
  6424 | D:6      | Found a bloodstained altar of Trog.
  6426 | D:6      | Found an ornate altar of the Wu Jian Council.
  6563 | D:6      | Reached skill level 9 in Axes
  6563 | D:6      | Reached XP level 8. HP: 42/58 MP: 8/8
  6721 | D:6      | Found Cyowoinau's Book Boutique.
  6727 | D:6      | Found an iron altar of Okawaru.
  6748 | D:6      | Became a worshipper of Warmaster Okawaru
  6748 | D:6      | Reached * piety under Okawaru
  6748 | D:6      | Reached ** piety under Okawaru
  7000 | D:7      | Noticed Pikel
  7015 | D:7      | Blown up by Pikel

Vault maps used:
D:1:      shiori_arrival_maze
D:2:      gammafunk_temple_overflow_elements, first_bread,
          nicolae_gozag_cash_rules_everything_around_me
D:3:      lemuel_doored_altar, guppyfry_early_orc_mine
D:5:      nicolae_tso_carved_into_rock, nicolae_elemental_shop
D:6:      chequers_temple_overflow_minitemple, overflow_temple_1_default,
          minmay_temple_entry_large_hall, serial_shops, nicolae_shop_stone,
          small_statue_intersection, grunt_decor_mini_mirrors
D:7:      dancing_weapons_uskayaw, grunt_ministairs_6, uniq_pikel
Temple:   eino_wide_crystal_templ

Skill      XL: |  1  2  3  4  5  6  7 |
---------------+----------------------+-----
Axes           | 3 4 5 6 7 9 |  9.3
Fighting       | |  3.0
Dodging        | |  2.6
Stealth        | |  1.7

Action                   |  1- 3 |  4- 6 |  7- 9 || total
-------------------------+-------+-------+-------++-------
Melee: Hand axe          |   134 |       |       ||   134
       War axe           |       |   159 |   117 ||   276
       Kick              |       |     9 |    36 ||    45
Invok: Heroism           |       |       |     1 ||     1
  Use: Scroll            |     2 |     6 |       ||     8
       Potion            |       |     7 |       ||     7
 Stab: Sleeping          |    11 |     2 |     2 ||    15
       Distracted        |     1 |       |     2 ||     3
       Invisible         |       |     4 |       ||     4
  Eat: Chunk             |     3 |     9 |    17 ||    29
Armor: Robe              |    23 |    41 |    16 ||    80
       Leather armour    |       |       |     4 ||     4
Dodge: Dodged            |   111 |   117 |    98 ||   326
Block: Other             |       |       |     7 ||     7
       Reflection        |       |       |     1 ||     1
